 Dungeon Crawl Stone Soup version 0.19.1-1-g22dce08 (webtiles) character file.

532 Joat the Chopper (level 7, -4/37 HPs)
             Began as a Vine Stalker Fighter on Jan 16, 2017.
             Was an Initiate of the Shining One.
             Slain by an ogre
             ... wielding a +0 giant club
              (17 damage)
             ... on level 4 of the Dungeon.
             The game lasted 00:13:20 (2423 turns).

Joat the Chopper (Vine Stalker Fighter)             Turns: 2423, Time: 00:13:21

Health: -4/37      AC:  9    Str: 19    XL:     7   Next: 24%
Magic:  0/8        EV: 10    Int:  8    God:    the Shining One [......]
Gold:   170        SH: 10    Dex: 15    Spells: 0 memorised, 6 levels left

rFire  . . .     SeeInvis .     a - +0 war axe
rCold  . . .     Gourm    .     b - +0 scale mail
rNeg   . . .     Faith    .     c - +0 shield
rPois  .         Spirit   +     (no helmet)
rElec  .         Reflect  .     j - +0 cloak
rCorr  .         Harm     .     (no gloves)
MR     .....                    l - +0 pair of boots
Stlth  ..........               (no amulet)
                                (no ring)
                                t - +3 ring of evasion

@: glowing
A: fangs 2, regeneration 1, magic shield, antimagic bite, no device heal 3, rot
immunity
a: Renounce Religion


You were on level 4 of the Dungeon.
You worshipped the Shining One.
The Shining One was noncommittal.
You were very hungry.

You visited 2 branches of the dungeon, and saw 5 of its levels.

You collected 170 gold pieces.

Inventory:

Hand Weapons
 a - a +0 war axe (weapon)
Armour
 b - a +0 scale mail (worn)
 c - a +0 shield (worn)
 j - a +0 cloak (worn)
 l - a +0 pair of boots (worn)
Jewellery
 t - a +3 ring of evasion (left hand)
Wands
 d - a wand of digging (4/24)
 r - a wand of flame (14/48)
Scrolls
 e - a scroll of blinking {unknown}
 g - a scroll of remove curse {unknown}
 i - a scroll of recharging {unknown}
 k - 3 scrolls of enchant weapon {unknown}
 o - 3 scrolls of identify {unknown}
 q - 2 scrolls of teleportation {unknown}
 u - 2 scrolls of amnesia {unknown}
 v - a scroll of fear {unknown}
 w - a scroll of immolation {unknown}
 y - a scroll of magic mapping {unknown}
Potions
 m - 2 potions of curing
 n - a potion of magic {unknown}
 s - a potion of ambrosia {unknown}
Books
 h - a book of Necromancy

   Spells                             Type                      Level
   a - Pain                           Necromancy                   1
   b - Animate Skeleton               Necromancy                   1
   c - Vampiric Draining              Necromancy                   3
   d - Regeneration                   Charms/Necromancy            3
   e - Animate Dead                   Necromancy                   4
   f - Control Undead                 Necromancy                   4
   The Shining One disapproves of the use of such an item.
 x - a book of Conjurations

   Spells                             Type                      Level
   a - Magic Dart                     Conjuration                  1
   b - Searing Ray                    Conjuration                  2
   c - Dazzling Spray                 Conjuration/Hexes            3
   d - Fulminant Prism                Conjuration/Hexes            4
   e - Iskenderun's Mystic Blast      Conjuration                  4
   f - Iskenderun's Battlesphere      Conjuration/Charms           5
Comestibles
 f - 4 bread rations
 p - a meat ration


   Skills:
 + Level 4.0 Fighting
 + Level 4.6 Axes
 + Level 3.4 Armour
 + Level 4.1 Shields


You had 6 spell levels left.
You didn't know any spells.

Dungeon Overview and Level Annotations

Branches:
Dungeon (4/15)             Temple (1/1) D:4

Altars:
Ashenzari
Cheibriados
Dithmenos
Elyvilon
Gozag
Okawaru
Qazlal
Ru
Sif Muna
Trog
Uskayaw
Xom
Yredelemnul
The Shining One


Innate Abilities, Weirdness & Mutations

You have extremely sharp teeth.
Your natural rate of healing is unusually fast.
When hurt, damage is shared between your health and your magic reserves.
Your bite disrupts and absorbs the magic of your enemies.
Potions and wands cannot restore your health.
You are immune to rotting.


Message History

You now have 170 gold pieces (gained 12).
An ogre comes into view. It is wielding a giant club.
The ogre barely misses you.
You slash the ogre! You bite the ogre. You drain its power.
The ogre is moderately wounded.
The ogre barely misses you.
You hit the ogre. You bite the ogre. You drain its power.
The ogre is heavily wounded.
The ogre hits you with a giant club!
You barely miss the ogre.
The ogre is heavily wounded.
The ogre hits you with a giant club!
You hit the ogre.
The ogre is heavily wounded.
The ogre barely misses you. The ogre hits you with a giant club!
You barely miss the ogre. You bite the ogre. You drain its power.
You feel invigorated.
The ogre is severely wounded.
The ogre hits you with a giant club!!
You die...

#.# #......#.# #.####### #
#.####......#.#####.......# ###
#...........#.#............ ..
######......#.#.#########.# #.
.........####.#.#### # #.
#.#####..##........# .# #. #.#
##.##.#.##.#.# #. #. #.#
#..#.#...O#.# . #.
#.######........@#.# .# ###.
#.#...##.........#.####.######<..
......'...............>..........
#.#...####.###..##.##.#.#########
#.#...# #.###.....##.# .........
#.#...# #..##..#####.###########
#.#...# ##.###.# #....# #.....
#.#...# #.# #.# #....# #.####
#.##### #.###'## #....# #.#


You could see an ogre.

Vanquished Creatures
  The ghost of dscm the Sneak, an amateur OpEn (D:4)
  An ogre (D:4)
  A hound (D:4)
  An orc wizard (D:3)
  Jessica (D:2)
  2 worker ants (D:4)
  7 adders
  An adder skeleton (D:4)
  2 worms (D:2)
  2 dart slugs
  2 leopard geckos
  9 orcs (D:3)
  A ball python (D:1)
  6 bats
  5 giant cockroaches
  4 goblins
  7 hobgoblins
  2 kobolds (D:3)
  2 quokkas
  8 frilled lizards
  9 rats
  A fungus (D:3)
  A plant (D:3)
76 creatures vanquished.

Notes
Turn   | Place    | Note
-------+----------+-------------------------------------------
     0 | D:1      | Joat the Vine Stalker Fighter began the quest for the Orb.
     0 | D:1      | Reached XP level 1. HP: 11/11 MP: 2/2
   120 | D:1      | Reached XP level 2. HP: 16/16 MP: 3/3
   493 | D:2      | Reached XP level 3. HP: 19/19 MP: 4/4
   557 | D:2      | Gained mutation: Your natural rate of healing is unusually fast. [Vine Stalker growth]
   557 | D:2      | Reached XP level 4. HP: 23/23 MP: 5/5
   679 | D:2      | Noticed Jessica
   688 | D:2      | Killed Jessica
  1041 | D:3      | Reached XP level 5. HP: 28/28 MP: 6/6
  1198 | D:3      | Found a shadowy altar of Dithmenos.
  1524 | D:3      | Found a sacrificial altar of Ru.
  1579 | D:4      | Noticed an ogre
  1584 | D:4      | Killed an ogre
  1584 | D:4      | Reached XP level 6. HP: 32/32 MP: 7/7
  1925 | D:4      | Noticed dscm's ghost (amateur OpEn)
  1957 | D:4      | Killed dscm's ghost
  1957 | D:4      | Reached XP level 7. HP: 33/37 MP: 8/8
  1986 | D:4      | Found a staircase to the Ecumenical Temple.
  1994 | Temple   | Entered the Ecumenical Temple
  2213 | Temple   | Became a worshipper of the Shining One
  2423 | D:4      | Slain by an ogre

Skill      XL: |  1  2  3  4  5  6 |
---------------+-------------------+-----
Axes           | 2 3 4 |  4.6
Fighting       | 3 4 |  4.0
Shields        | 3 4 |  4.1
Armour         | 3 |  3.4

Action                   |  1- 3 |  4- 6 |  7- 9 || total
-------------------------+-------+-------+-------++-------
Melee: War axe           |    62 |   156 |     5 ||   223
       Bite              |    12 |    39 |     3 ||    54
Evoke: Wand              |       |     6 |       ||     6
  Use: Potion            |       |     2 |       ||     2
  Eat: Chunk             |       |     4 |       ||     4
Armor: Scale mail        |    31 |    57 |       ||    88
Dodge: Dodged            |    23 |    53 |     3 ||    79
Block: Shield            |    30 |    66 |       ||    96
